 Dungeon Crawl Stone Soup version 0.24-a0-639-gb70a11d811 (webtiles) character file.

Game seed: 13464049266595385337, levelgen mode: deterministic

6157 Electrofox the Basher (level 10, -6/86 HPs)
             Began as a Minotaur Fighter on Sept 22, 2019.
             Was an Elder of Okawaru.
             Engulfed by a cloud of flame (14 damage)
             ... on level 9 of the Dungeon.
             The game lasted 01:09:55 (7976 turns).

Electrofox the Basher (Minotaur Fighter)            Turns: 7976, Time: 01:09:56

Health: -6/86      AC: 11    Str: 24    XL:     10   Next: 60%
Magic:  9/9        EV: 10    Int:  5    God:    Okawaru [****..]
Gold:   496        SH:  5    Dex: 10    Spells: 9/9 levels left

rFire    . . .     SeeInvis .   L - +1 flail (distort)
rCold    . . .     Gourm    .   i - +0 buckler (curse)
rNeg     + . .     Faith    .   r - +0 scale mail
rPois    .         Spirit   .   (helmet restricted)
rElec    .         Reflect  .   D - +2 cloak
rCorr    .         Harm     .   (no gloves)
MR       .....                  (no boots)
Stlth    ..........             (no amulet)
HPRegen  0.24/turn              z - +5 ring of slaying
MPRegen  0.11/turn              y - ring of positive energy

@: no status effects
A: retaliatory headbutt, horns 2
a: Heroism, Renounce Religion


You were on level 9 of the Dungeon.
You worshipped Okawaru.
Okawaru was greatly pleased with you.
You were not hungry.

You visited 2 branches of the dungeon, and saw 10 of its levels.

You collected 535 gold pieces.
You spent 39 gold pieces at shops.

Inventory:

Hand Weapons
 a - a +2 flail of holy wrath
 b - a +0 hunting sling of freezing
 H - a +0 whip of flaming
 J - a +4 falchion of protection
 L - a +1 flail of distortion (weapon)
 P - a +2 whip of venom
Missiles
 g - 17 poisoned darts (quivered)
 q - 10 javelins
 F - 22 sling bullets
 K - 4 silver boomerangs
 S - 3 silver javelins
Armour
 c - a +0 shield
 i - a cursed +0 buckler (worn)
 r - a +0 scale mail (worn)
 v - a +0 buckler
 w - a +0 plate armour
 D - a +2 cloak (worn)
Jewellery
 l - an uncursed ring of resist corrosion
 o - an uncursed amulet of rage {unknown}
 y - a ring of positive energy (right hand)
 z - a +5 ring of slaying (left hand)
 Q - an uncursed ring of magical power
 U - a +4 ring of protection {unknown}
Wands
 x - a wand of iceblast (9)
 M - a wand of flame (14)
 V - a wand of paralysis (9)
Scrolls
 e - a scroll of magic mapping {unknown}
 j - 2 scrolls of identify
 k - 3 scrolls of remove curse
 m - 3 scrolls of immolation
 n - a scroll of amnesia {unknown}
 s - 4 scrolls of teleportation
 t - 2 scrolls of noise {unknown}
 u - 2 scrolls of fog {unknown}
 A - 2 scrolls of enchant weapon {unknown}
 E - 2 scrolls of blinking {unknown}
 O - a scroll of fear {unknown}
Potions
 d - 3 potions of might
 h - 2 potions of ambrosia
 p - 9 potions of curing
 C - 2 potions of mutation
 G - 3 potions of lignification {unknown}
 I - a potion of berserk rage
 N - a potion of flight
 R - 2 potions of heal wounds
 T - a potion of resistance {unknown}
Comestibles
 f - 14 rations
 B - 3 chunks of flesh


   Skills:
 + Level 7.5 Fighting
   Level 9.2(12.2) Axes
 - Level 13.0(14.0) Maces & Flails
 + Level 8.0 Armour
 - Level 5.4 Shields


You had 9 spell levels left.
You didn't know any spells.
Your spell library contained the following spells:

 Spells                   Type           Power        Failure   Level  Hunger
 Sting                    Conj/Pois      #...         75%         1    ##.....
 Poisonous Vapours        Pois/Air       #.....       86%         2    ###....
 Mephitic Cloud           Conj/Pois/Air  #.......     98%         3    ####...
 Olgreb's Toxic Radiance  Pois           #.......     100%        4    #####..
 Venom Bolt               Conj/Pois      #.........   100%        5    ######.


Dungeon Overview and Level Annotations

Branches:
Dungeon (9/15)             Temple (1/1) D:5            Lair (0/6) D:8
    Orc: D:9-12

Altars:
Ashenzari
Cheibriados
Dithmenos
Elyvilon
Fedhas
Gozag
Hepliaklqana
Kikubaaqudgha
Makhleb
Nemelex Xobeh
Okawaru
Qazlal
Ru
Sif Muna
Trog
Uskayaw
Vehumet
Wu Jian
Xom
Yredelemnul
Zin
The Shining One

Shops:
D:5 !

Annotations:
D:2 1 runed translucent door, exclusion: door, Crazy Yiuf
D:5 1 runed translucent door, exclusion: door
D:8 Gastronok


Innate Abilities, Weirdness & Mutations

You reflexively headbutt those who attack you in melee.
You have a pair of horns on your head.


Message History

The orc explodes!
The fiery explosion engulfs you!!
The fiery explosion engulfs the bullfrog zombie!!
The bullfrog zombie is almost destroyed.
The fiery explosion engulfs the orc wizard!
The orc wizard explodes!
The fiery explosion engulfs the bullfrog zombie!!!
The bullfrog zombie explodes!
The fiery explosion engulfs the orc wizard!!
The orc wizard explodes!
Okawaru accepts your kill. The fiery explosion engulfs you!!!
* * * LOW HITPOINT WARNING * * *
The fiery explosion engulfs the worker ant!!
The worker ant explodes!
Okawaru accepts your kill. x2
Your Armour skill increases to level 8!
Okawaru accepts your kill.
You are engulfed in blazing flames.
You die...

####..+ +..#####.........#
......###..................
......................%....
.................>.........
....................(%.....
...............§§§§§.......
...............§)§§§...((..
...............§§§§§...o...
................@§§§.(.....
................§§§....o...
...............%...%.......
...^...........†...........
################†........#.
#...%..>..# #.........#
#.........# #.........#


You could see 2 orcs.

Vanquished Creatures
  A two-headed ogre (D:9)
  Pikel (D:6)
  A hornet (D:8)
  3 hippogriffs (D:8)
  Eustachio (D:5)
  A hungry ghost (D:5)
  A soldier ant (D:8)
  5 orc warriors
  A hornet zombie (D:6)
  2 ice beasts
  2 sky beasts
  2 black bears (D:6)
  2 phantoms
  A centaur (D:5)
  5 ogres
  A big kobold (D:7)
  4 bullfrogs
  A gnoll sergeant (D:8)
  2 scorpions
  3 wights (D:8)
  2 jellies
  3 howler monkeys
  2 crimson imps (D:6)
  A bullfrog zombie (D:9)
  A centaur skeleton (D:2)
  5 hounds
  7 orc wizards
  2 orc priests
  A bullfrog skeleton (D:8)
  4 iguanas
  4 worker ants
  2 hound zombies (D:5)
  2 hound skeletons (D:4)
  A worker ant zombie (D:3)
  6 gnolls
  12 adders
  A shadow imp (D:9)
  2 adder skeletons
  An adder zombie (D:8)
  4 worms
  A dart slug (D:3)
  2 leopard geckos (D:2)
  31 orcs
  3 ball pythons
  9 bats
  7 giant cockroaches
  8 goblins
  12 hobgoblins
  14 jackals
  5 quokkas
  9 frilled lizards
  A jackal skeleton (D:6)
  2 jackal zombies (D:5)
  15 kobolds
  2 kobold skeletons (D:5)
  A quokka zombie (D:6)
  6 rats
231 creatures vanquished.

Vanquished Creatures (others)
  A soldier ant (D:8)
  A black bear (D:7)
  An ogre (D:9)
  A scorpion (D:6)
  A quasit (D:9)
  A jelly (D:8)
  A gnoll (D:8)
  A plant (D:9)
8 creatures vanquished.

Grand Total: 239 creatures vanquished

Notes
Turn   | Place    | Note
-------+----------+-------------------------------------------
     0 | D:1      | Electrofox the Minotaur Fighter began the quest for the
                  | Orb.
     0 | D:1      | Reached XP level 1. HP: 19/19 MP: 0/0
    97 | D:1      | Reached XP level 2. HP: 24/27 MP: 1/1
   693 | D:2      | Found a sparkling altar of Nemelex Xobeh.
   747 | D:2      | Found a radiant altar of Vehumet.
   867 | D:2      | Reached XP level 3. HP: 33/33 MP: 2/2
   880 | D:2      | Found an ancient bone altar of Kikubaaqudgha.
  1004 | D:2      | Reached skill level 5 in Axes
  1004 | D:2      | Reached XP level 4. HP: 34/40 MP: 3/3
  1115 | D:2      | Found a runed translucent door.
  1116 | D:2      | Noticed Crazy Yiuf
  1196 | D:3      | Found a faded altar of an unknown god.
  1347 | D:3      | Noticed a +0 hand axe
  1348 | D:3      | Noticed a +0 dagger
  1386 | D:3      | Found a hide-covered altar of Uskayaw.
  1420 | D:3      | Found a stormy altar of Qazlal.
  1472 | D:3      | You fall into a shaft and drop 3 floors!
  1538 | D:6      | Noticed a black bear
  1584 | D:5      | Entered Level 5 of the Dungeon
  1592 | D:5      | Reached XP level 5. HP: 46/46 MP: 4/4
  1737 | D:5      | Noticed an ice beast
  1756 | D:5      | Found Fuosonwu's Distillery.
  1756 | D:5      | Noticed a hungry ghost
  1763 | D:5      | Killed an ice beast
  1763 | D:5      | Reached XP level 6. HP: 33/52 MP: 5/5
  1768 | D:5      | Killed a hungry ghost
  1775 | D:5      | Bought a potion of curing for 39 gold pieces
  1928 | D:4      | Reached XP level 7. HP: 47/58 MP: 6/6
  2114 | D:4      | Reached skill level 1 in Maces & Flails
  2117 | D:4      | Reached skill level 2 in Maces & Flails
  2843 | D:4      | Reached skill level 3 in Maces & Flails
  2923 | D:4      | Reached skill level 4 in Maces & Flails
  3546 | D:5      | Found a staircase to the Ecumenical Temple.
  3597 | D:5      | Reached skill level 5 in Maces & Flails
  3761 | Temple   | Entered the Ecumenical Temple
  3901 | Temple   | Became a worshipper of Warmaster Okawaru
  3945 | D:5      | Reached skill level 6 in Maces & Flails
  4047 | D:5      | Reached XP level 8. HP: 48/66 MP: 7/7
  4195 | D:5      | Found a runed translucent door.
  4200 | D:5      | Found a basalt altar of Yredelemnul.
  4210 | D:5      | Found a shattered altar of Ashenzari.
  4428 | D:6      | Reached skill level 7 in Maces & Flails
  4445 | D:6      | Reached * piety under Okawaru
  4672 | D:6      | Noticed Pikel
  4674 | D:6      | Reached skill level 8 in Maces & Flails
  4684 | D:6      | Killed Pikel
  4684 | D:6      | Reached skill level 10 in Maces & Flails
  4693 | D:6      | Noticed Eustachio
  4726 | D:5      | Killed Eustachio
  5034 | D:6      | Reached XP level 9. HP: 50/71 MP: 8/8
  5052 | D:6      | Found a shadowy altar of Dithmenos.
  5062 | D:6      | Reached ** piety under Okawaru
  5374 | D:6      | Reached skill level 11 in Maces & Flails
  5928 | D:7      | Reached skill level 12 in Maces & Flails
  6474 | D:8      | Reached *** piety under Okawaru
  6482 | D:8      | Reached skill level 13 in Maces & Flails
  6617 | D:8      | Received a gift from Okawaru
  6617 | D:8      | Reached skill level 5 in Shields
  6661 | D:8      | Reached skill level 5 in Armour
  6661 | D:8      | Reached XP level 10. HP: 77/79 MP: 9/9
  6724 | D:8      | Noticed Gastronok
  6774 | D:8      | Found a sacrificial altar of Ru.
  6862 | D:8      | Found a staircase to the Lair.
  6886 | D:8      | Reached **** piety under Okawaru
  6889 | D:8      | Reached skill level 5 in Fighting
  7723 | D:8      | Found a glowing silver altar of Zin.
  7820 | D:9      | Noticed a two-headed ogre
  7837 | D:9      | Killed a two-headed ogre
  7976 | D:9      | Engulfed by a cloud of flame

Levels and vault maps discovered:
D:1:      dpeg_arrival_shrine, layout_rooms, serial_corexii_hall,
          corexii_hall_statues_l, corexii_hall_statues_deadend,
          ebering_dispersal_statue_hall
D:2:      layout_basic, lemuel_coloured_pillars_altar,
          nicolae_overflow_crystal_walls, st_stairs_3, lemuel_altar_in_water,
          uniq_crazy_yiuf_cottage
D:3:      layout_basic, dancing_weapons_uskayaw, first_ration,
          chequers_ecumenical_altar_simple, grunt_qazlal_sundering
D:4:      layout_loops_ring
D:5:      layout_cave_pools, temple_pool_b, serial_shops, kennysheep_little_box,
          basic_altar, dk_yredelemnul_ordeal
D:6:      layout_loops_cross, chequers_hall_statues_corner_a,
          grunt_dithmenos_smoke_and_mirrors, uniq_eustachio, uniq_pikel
D:7:      layout_basic
D:8:      layout_rooms, nicolae_ru_great_annihilating_truth, zin_scriptorium,
          lair_entry_dummy, hangedman_pestilent_swarm, uniq_gastronok
D:9:      layout_cross, kennysheep_mini_moat, minmay_shop_enchanted_jewellery,
          serial_bayou_pond_b, lemuel_mausoleum_altar_kikubaaqudgha
Temple:   eino_temple_rhombus

Skill      XL: |  1  2  3  4  5  6  7  8  9 10 |
---------------+-------------------------------+-----
Axes           | 3 4 5 6 8 9 |  9.2
Maces & Flails | 6 10 13 | 13.0
Shields        | 5 |  5.4
Armour         | 5 8 |  8.0
Fighting       | 4 7 |  7.5

Action                   |  1- 3 |  4- 6 |  7- 9 | 10-12 || total
-------------------------+-------+-------+-------+-------++-------
Melee: War axe           |    60 |    77 |     1 |       ||   138
       Headbutt          |    15 |    13 |    40 |    12 ||    80
       Flail             |       |       |   285 |    69 ||   354
 Fire: Hunting sling     |       |    14 |    11 |       ||    25
Throw: Javelin           |     7 |     9 |    55 |     6 ||    77
       Dart              |       |       |    19 |    18 ||    37
  Use: Scroll            |       |     2 |     3 |     7 ||    12
       Potion            |       |     3 |       |       ||     3
 Stab: Paralysed         |       |       |       |     1 ||     1
  Eat: Chunk             |       |     6 |    11 |     1 ||    18
       Ration            |       |       |     1 |     1 ||     2
Armor: Scale mail        |    22 |    37 |   112 |    34 ||   205
Dodge: Dodged            |    37 |    52 |   136 |    35 ||   260
Block: Shield            |     1 |       |       |       ||     1
       Buckler           |       |       |    11 |    17 ||    28

Table legend:
 A = Non-vault XP
 B = Vault XP
 C = Vault XP percentage of total XP
 D = Non-vault monster count
 E = Vault monster count
 F = Vault count percentage of total count
                 A         B        C        D         E       F
            +---------+---------+-------+---------+---------+-------
      Total |    7220 |    1576 |  17.9 |     218 |      19 |   8.0
            +---------+---------+-------+---------+---------+-------
        D:1 |      31 |       0 |   0.0 |      18 |       0 |   0.0
        D:2 |     104 |       7 |   6.3 |      21 |       2 |   8.7
        D:3 |      99 |       0 |   0.0 |      39 |       0 |   0.0
        D:4 |     331 |       0 |   0.0 |      24 |       0 |   0.0
        D:5 |     984 |     195 |  16.5 |      24 |       5 |  17.2
        D:6 |     946 |     593 |  38.5 |      17 |       1 |   5.6
        D:7 |    1024 |       0 |   0.0 |      29 |       0 |   0.0
        D:8 |    2125 |     553 |  20.6 |      32 |       8 |  20.0
        D:9 |    1576 |     228 |  12.6 |      14 |       3 |  17.6
            +---------+---------+-------+---------+---------+-------
